 Dungeon Crawl Stone Soup version 0.28.0-43-g3370ac3207 (webtiles) character file.

Game seed: 4421040894518298751

7 ZappyNine the Vexing (level 2, 28/28 HPs)
             Began as an Ogre Arcane Marksman on Mar 31, 2022.
             Got out of the dungeon alive.
             The game lasted 00:01:07 (581 turns).

ZappyNine the Vexing (Ogre Arcane Marksman)          Turns: 581, Time: 00:01:08

Health: 28/28      AC:  3    Str: 13    XL:     2   Next: 0%
Magic:  4/4        EV:  9    Int: 14    God:
Gold:   0          SH:  0    Dex:  9    Spells: 3/4 levels left

rFire   . . .      SeeInvis .   f - +0 dagger
rCold   . . .      Faith    .   (no shield)
rNeg    . . .      Spirit   .   a - +0 robe
rPois   .          Reflect  .   (helmet restricted)
rElec   .          Harm     .   (no cloak)
rCorr   .          Rampage  .   (gloves unavailable)
Will    .....                   (boots unavailable)
Stlth   +.........              (no amulet)
HPRegen 0.09/turn               (no ring)
MPRegen 0.09/turn               (no ring)

@: no status effects
A: large, unfitting armour, tough skin 1
a: no special abilities


You escaped.
You visited 1 branch of the dungeon, and saw 1 of its levels.

Inventory:

Hand Weapons
 f - a +0 dagger (weapon)
Missiles
 b - 4 large rocks (quivered)
 c - 2 throwing nets
Armour
 a - a +0 robe (worn)
Scrolls
 d - a scroll of torment {unknown}
 e - a scroll of teleportation {unknown}
 g - a scroll of blinking {unknown}
Potions
 h - a potion of mutation {unknown}


   Skills:
 + Level 2.1 Fighting
 - Level 2.0 Throwing
 - Level 1.7 Dodging
 + Level 1.8 Spellcasting
 - Level 2.6 Hexes


You had 3 spell levels left.
You knew the following spells:

 Your Spells              Type           Power      Damage    Failure   Level
a - Slow                  Hex            32%        N/A       9%          1

Your spell library contained the following spells:

 Spells                   Type           Power      Damage    Failure   Level
 Inner Flame              Hex/Fire       5%         N/A       38%         3
 Portal Projectile        Hex/Tloc       10%        N/A       38%         3
 Cause Fear               Hex            4%         N/A       63%         4


Dungeon Overview and Level Annotations

Branches:
Dungeon (1/15)

Altars:


Innate Abilities, Weirdness & Mutations

You are too large for most types of armour.
You have tough skin. (AC +1)


Message History

The goblin is severely wounded.
The goblin barely misses you.
You hit the goblin.
You kill the goblin!
The ball python bites you.
Your Fighting skill increases to level 2!
You hit the ball python.
The ball python is severely wounded.
The ball python barely misses you.
Casting: Slow (safe; 9% risk of failure)
Confirm with . or Enter, or press ? or * to list all spells.
Aiming: Slow (safe; 9% risk of failure)
Press: ? - help, Shift-Dir - straight line, f/p - ball python
Aim: a ball python (severely wounded, chance to affect: 63%)
The ball python seems to slow down.
The ball python bites you.
* * * LOW HITPOINT WARNING * * *
Unknown command.
You barely miss the ball python.
The ball python is severely wounded.
You hit the ball python.
You kill the ball python!
You have reached level 2!
You start resting.
Magic restored.
You start resting.
HP restored.
Okay, then.
There is a stone staircase leading down here.
You enter the shallow water.
Moving in this stuff is going to be slow.
There is an open door here.
There is a staircase leading out of the dungeon here.
Casting: Slow (safe; 9% risk of failure)
Confirm with . or Enter, or press ? or * to list all spells.
Okay, then.
Okay, then.
Okay, then.
You can't go down here!
Are you sure you want to leave the Dungeon?
This will make you lose the game!
You have escaped!

#.#### .....#
##.≈#.# ≈≈≈≈≈
♣≈≈≈♣ ###≈≈≈#
# #.##≈##.#
#..'≈...#
#@##≈##.#
###♣≈♣# #
#≈≈≈≈♣#
##≈≈≈≈≈#
..#####.#..###
..........##
..#####.###
#.# #.#


There were no monsters in sight!

Vanquished Creatures
  An endoplasm (D:1)
  2 goblins (D:1)
  A kobold (D:1)
  2 ball pythons (D:1)
6 creatures vanquished.

Notes
Turn   | Place    | Note
-------+----------+-------------------------------------------
     0 | D:1      | ZappyNine the Ogre Arcane Marksman began the quest for the
                  | Orb.
     0 | D:1      | Reached XP level 1. HP: 19/19 MP: 2/2
   325 | D:1      | Reached XP level 2. HP: 9/28 MP: 1/4
   581 | D:$      | Got out of the dungeon alive.

Illustrated notes

Levels and vault maps discovered:
D:1:      sevenhm_arrival_forest_fort_small_4, layout_loops_ring,
          ebering_ecumenical_altar_rust, amcnicky_mini_corridor_feature,
          supply_closet_lemuel

Skill      XL: |  1 |
---------------+----+-----
Fighting       | 2 |  2.1
Throwing       | |  2.0
Dodging        | |  1.7
Spellcasting   | |  1.8
Hexes          | |  2.6

Action                   || total
-------------------------++-------
Melee: Dagger            ||    26
       Unarmed           ||     3
 Cast: Slow              ||     4
Armor: Robe              ||     7
Dodge: Dodged            ||    14
